 Dungeon Crawl Stone Soup version 0.26.0-10-g1f06aea511 (webtiles) character file.

Game seed: 7489631775287698486

29 Dracia the Poker (level 3, 0/28 HPs)
             Began as a Demonspawn Gladiator on Jan 16, 2021.
             Slain by a goblin (2 damage)
             ... led by Robin
             ... on level 2 of the Dungeon.
             The game lasted 00:01:29 (1393 turns).

Dracia the Poker (Demonspawn Gladiator)             Turns: 1393, Time: 00:01:29

Health: 0/28       AC:  7    Str: 15    XL:     3   Next: 1%
Magic:  3/3        EV: 10    Int:  9    God:
Gold:   34         SH:  0    Dex: 14    Spells: 2/2 levels left

rFire    . . .     SeeInvis .   a - +0 trident
rCold    . . .     Faith    .   (no shield)
rNeg     . . .     Spirit   .   k - +0 scale mail
rPois    .         Reflect  .   c - +0 helmet
rElec    .         Harm     .   (no cloak)
rCorr    .         Rampage  .   (no gloves)
Will     .....                  (no boots)
Stlth    ..........             (no amulet)
HPRegen  0.09/turn              (no ring)
MPRegen  0.08/turn              (no ring)

@: about to teleport
A: powered by pain 1
a: no special abilities


You were on level 2 of the Dungeon.
You visited 1 branch of the dungeon, and saw 2 of its levels.

You collected 34 gold pieces.


Innate Abilities, Weirdness & Mutations

You sometimes gain a little power by taking damage.


   Skills:
 + Level 2.5 Fighting
 * Level 3.5 Polearms
 - Level 1.7 Throwing
 - Level 2.6 Dodging


You had 2 spell levels left.
You didn't know any spells.
Your spell library was empty.

Inventory:

Hand Weapons
 a - a +0 trident (weapon)
Missiles
 d - 3 throwing nets (quivered) {=f=f}
 l - 15 poisoned darts
Armour
 b - a +0 leather armour
 c - a +0 helmet (worn)
 k - a +0 scale mail (worn)
Scrolls
 e - 3 scrolls of identify {unknown}
 g - a scroll of teleportation {@r4@r4}
 i - a scroll of magic mapping {unknown}
Potions
 f - a potion of might {unknown}
 h - 2 potions of lignification {unknown}
 j - a potion of curing {unknown}

Dungeon Overview and Level Annotations

Branches:
Dungeon (2/15)

Altars:

Annotations:
D:2 Robin

...##
#...##########
#.......[..#
#..........#
#..........#
.###.......)..#
.............<#
.###....#########
........g@g.g..?#
.###.###gglg......
#. #.gg....... #.
##.........
#.........
#.......#.
........#
........#


You could see Robin, 7 goblins and a frilled lizard.


Message History

The goblin is heavily wounded.
The goblin closely misses you. The goblin hits you but does no damage.
The frilled lizard completely misses you.
The goblin closely misses you. The goblin hits you with a +0 club.
* * * LOW HITPOINT WARNING * * *
The goblin closely misses you.
You hit the goblin.
You kill the goblin!
The goblin no longer looks unusually strong.
The goblin hits you with a +0 dagger.
* * * LOW HITPOINT WARNING * * *
The frilled lizard bites you but does no damage.
The goblin barely misses you.
Robin roars a battlecry!
The goblins go into a battle-frenzy!
The goblin barely misses you.
You have reached level 3!
Your experience leads to an increase in your attributes!
Increase (S)trength, (I)ntelligence, or (D)exterity?
You feel stronger.
As you read the scroll labelled GYFAISE VERI, it crumbles to dust.
You feel strangely unstable.
It was a scroll of teleportation.
The goblin no longer looks unusually strong. x2
The goblin misses you.
The frilled lizard bites you but does no damage.
The goblin hits you with a +0 dagger.
* * * LOW HITPOINT WARNING * * *
Robin throws the goblin at you! The goblin hits you but does no damage.
The goblin hits you.
You die...

Skill      XL: |  1 |
---------------+----+-----
Polearms       | 3 |  3.5
Fighting       | |  2.5
Throwing       | |  1.7
Dodging        | |  2.6

Action                   || total
-------------------------++-------
Melee: Trident           ||    74
  Use: Scroll            ||     1
 Stab: Sleeping          ||     1
Armor: Leather armour    ||    11
       Scale mail        ||    31
Dodge: Dodged            ||    55

Levels and vault maps discovered:
D:1:      psy_arrival_radial02, layout_basic
D:2:      layout_rooms, lemuel_doored_altar, uniq_robin

Notes
Turn   | Place    | Note
-------+----------+-------------------------------------------
     0 | D:1      | Dracia the Demonspawn Gladiator began the quest for the
                  | Orb.
     0 | D:1      | Reached XP level 1. HP: 16/16 MP: 1/1
   108 | D:1      | Reached skill level 3 in Polearms
   152 | D:1      | Gained mutation: You sometimes gain a little power by
                  | taking damage. [demonic ancestry]
   152 | D:1      | Reached XP level 2. HP: 22/22 MP: 2/2
  1375 | D:2      | Noticed Robin
  1393 | D:2      | Reached XP level 3. HP: 4/28 MP: 3/3
  1393 | D:2      | HP: 2/28 [goblin/+0 dagger[Robin] (2)]
  1393 | D:2      | Slain by a goblin

Vanquished Creatures
  An ooze (D:1)
  A leopard gecko (D:1)
  2 bats (D:1)
  10 goblins
  A hobgoblin (D:2)
  3 kobolds (D:1)
  2 rats (D:1)
20 creatures vanquished.

Table legend: (Time is in decaauts)
 A = Elapsed time spent in this place.
 B = Non-inter-level travel time spent in this place.
 C = Inter-level travel time spent in this place.
 D = Time resting spent in this place.
 E = Time spent auto-exploring this place.
 F = Levels seen in this place.
 G = Mean time per level.
                   A        B        C        D        E       F      G
               +--------+--------+--------+--------+--------+-----+--------+
         Total |   1402 |   1366 |     36 |      0 |   1217 |   2 |  701.0 |
       Dungeon |   1402 |   1366 |     36 |      0 |   1217 |   2 |  701.0 |
               +--------+--------+--------+--------+--------+-----+--------+

Top non-repeatable levels by time:
     D:1: 1351 daAuts
     D:2: 51 daAuts

Table legend:
 A = Non-vault XP
 B = Vault XP
 C = Vault XP percentage of total XP
 D = Non-vault monster count
 E = Vault monster count
 F = Vault count percentage of total count
                 A         B        C        D         E       F
            +---------+---------+-------+---------+---------+-------
      Total |      33 |       9 |  21.4 |      15 |       5 |  25.0
            +---------+---------+-------+---------+---------+-------
        D:1 |      31 |       0 |   0.0 |      14 |       0 |   0.0
        D:2 |       2 |       9 |  81.8 |       1 |       5 |  83.3
            +---------+---------+-------+---------+---------+-------
